 Dungeon Crawl Stone Soup version 0.30.1-9-gdf580d7c3d (webtiles) character file.

Game seed: 2399786819875179129

108 Kranky the Trooper (level 4, -12/41 HPs)
             Began as a Minotaur Berserker on Oct 3, 2023.
             Was a Believer of Trog.
             Mangled by Crazy Yiuf
             ... wielding a +3 quarterstaff of chaos
              (14 damage)
             ... on level 2 of the Dungeon.
             The game lasted 00:02:53 (2019 turns).

Kranky the Trooper (Minotaur Berserker)             Turns: 2019, Time: 00:02:53

Health: -12/41     AC:  8    Str: 27    XL:     4   Next: 58%
Magic:  3/3        EV: 11    Int:  6    God:    Trog [**....]
Gold:   87         SH:  0    Dex:  9    Spells: 3/3 levels left

rFire   . . .        a - +0 hand axe
rCold   . . .        (no shield)
rNeg    . . .        p - +0 scale mail
rPois   .            (helmet restricted)
rElec   .            (no cloak)
rCorr   +            (no gloves)
SInv    .            j - +0 pair of boots "Nadompan" {Rampage rCorr Str+3 Int+2}
Will    .....        (no amulet) Stlth
                     (no ring)
HPRegen 0.26/turn    (no ring)
MPRegen 0.08/turn

%: rampage
@: no status effects
A: horns 2, retaliatory headbutt
a: Renounce Religion, Berserk, Trog's Hand


You were on level 2 of the Dungeon.
You worshipped Trog.
Trog was pleased with you.
You visited 1 branch of the dungeon, and saw 2 of its levels.

You collected 87 gold pieces.

Inventory:

Hand Weapons
 a - a +0 hand axe (weapon)
Missiles
 m - 6 javelins (quivered)
Armour
 b - a +0 animal skin
 j - the +0 pair of boots "Nadompan" (worn) {Rampage rCorr Str+3 Int+2}
   (You found it on level 2 of the Dungeon)

   Str:       It affects your strength (+3).
   Int:       It affects your intelligence (+2).
   rCorr:     It protects you from acid and corrosion.
   Rampage:   It bestows one free step when moving towards enemies.
 p - a +0 scale mail (worn)
Jewellery
 o - a +6 ring of strength
Scrolls
 e - a scroll of brand weapon {unknown}
 h - a scroll of fear {unknown}
 i - 2 scrolls of blinking {unknown}
 k - a scroll of enchant armour {unknown}
 l - a scroll of teleportation {unknown}
 n - a scroll of identify {unknown}
Potions
 c - a potion of brilliance {unknown}
 d - 2 potions of invisibility {unknown}
 f - 3 potions of curing {unknown}
 g - a potion of heal wounds {unknown}


   Skills:
 + Level 4.8 Fighting
 - Level 3.6 Axes
 + Level 3.9 Armour
 + Level 3.5 Dodging


You had 3 spell levels left.
You didn't know any spells.
Your spell library was empty.

Dungeon Overview and Level Annotations

Branches:
Dungeon (2/15)

Altars:
Wu Jian

Shops:
D:2 (

Annotations:
D:2 Crazy Yiuf


Innate Abilities, Weirdness & Mutations

You have a pair of horns on your head.
You reflexively headbutt those who attack you in melee.


Message History

Okay, then.
(D) Dungeon
Where to? (Enter - D:2 @ (x,y), ? - help)
Okay, then.
Search for what [Enter for "."]? .
Search for what [Enter for "."]? .
You see here a +0 club.
You see here a +0 scale mail.
p - a +0 scale mail You start removing your armour.
You continue taking off your +0 animal skin. x4
You finish taking off your +0 animal skin.
You start putting on your armour.
You continue putting on your +0 scale mail. x5
You finish putting on your +0 scale mail.
Crazy Yiuf shouts!
Could not explore, unopened runed door.
Could not explore, unopened runed door.
You open the door. You hit Crazy Yiuf.
Crazy Yiuf is lightly wounded.
Crazy Yiuf closely misses you.
You barely miss Crazy Yiuf.
Crazy Yiuf is lightly wounded.
Crazy Yiuf whimpers, "Ten!
Walk eyeball alas."
Crazy Yiuf hits you with a +3 quarterstaff of chaos!
Crazy Yiuf freezes you.
You barely miss Crazy Yiuf.
Crazy Yiuf is lightly wounded.
Crazy Yiuf hits you with a +3 quarterstaff of chaos!
You suddenly lose the ability to move!
Crazy Yiuf hits you with a +3 quarterstaff of chaos!
* * * LOW HITPOINT WARNING * * *
Crazy Yiuf draws strength from your wounds!
You can move again.
You hit Crazy Yiuf but do no damage.
Crazy Yiuf hits you with a +3 quarterstaff of chaos!
* * * LOW HITPOINT WARNING * * *
You are electrocuted!
You die...

#......#...........#........#...
#.............######........#...
##.............# #........#...
.≈.......####### #####....#...
.≈.......# #........ .~≈≈.#.###
#........ ....≈~...# ###
♣♣##........ ...≈≈....# #)..#♣♣
♣♣.#......... .≈≈≈.....#
#...g@♣♣♣♣............
≈≈.......#
#...#♣..♣..........#..
.........# ### ♣♣♣.♣..#......#..
........## ♣♣♣♣♣##[(...#..
........# ##....#.. ...#....#
#....#.. ...#....# #....#..
...###### ######## ####


You could see Crazy Yiuf.

Vanquished Creatures
  Robin (D:1)
  3 adders (D:2)
  A worm (D:2)
  A dart slug (D:1)
  5 ball pythons
  6 bats
  6 endoplasms
  A giant cockroach (D:1)
  15 goblins
  5 hobgoblins
  4 jackals (D:1)
  A quokka (D:1)
  2 frilled lizards
  6 kobolds
  3 rats
60 creatures vanquished.

Notes
Turn   | Place    | Note
-------+----------+-------------------------------------------
     0 | D:1      | Kranky the Minotaur Berserker began the quest for the Orb.
     0 | D:1      | Reached XP level 1. HP: 19/19 MP: 0/0
    86 | D:1      | Reached XP level 2. HP: 24/27 MP: 1/1
   198 | D:1      | Reached skill level 4 in Fighting
   418 | D:1      | Reached ** piety under Trog
   450 | D:1      | Reached XP level 3. HP: 33/33 MP: 2/2
   701 | D:2      | Noticed Robin
   721 | D:1      | Killed Robin
   909 | D:2      | Identified the +0 pair of boots "Nadompan" {Rampage rCorr
                  | Str+3 Int+2}
   998 | D:2      | Reached XP level 4. HP: 37/41 MP: 3/3
  1304 | D:2      | Found Yrerocit's Antique Weapon Boutique.
  1478 | D:2      | Found a runed translucent door.
  1479 | D:2      | Noticed Crazy Yiuf
  1513 | D:2      | Found an ornate altar of the Wu Jian Council.
  2017 | D:2      | Paralysed by Crazy Yiuf for 2 turns
  2019 | D:2      | HP: 2/41 [Crazy Yiuf/+3 quarterstaff of chaos (9)]
  2019 | D:2      | Mangled by Crazy Yiuf

Illustrated notes

Levels and vault maps discovered:
D:1:      tekkud_arrival_beachfront_property, layout_rooms, minmay_hexomino_f4
D:2:      layout_basic, basic_altar, serial_rivers,
          chequers_serial_rivers_micro_c, chequers_serial_rivers_small_b,
          chequers_serial_rivers_small_b, chequers_serial_rivers_micro_d,
          serial_shops, nicolae_shop_getting_attention, uniq_crazy_yiuf_cottage,
          uniq_robin

Skill      XL: |  1  2  3 |
---------------+----------+-----
Fighting       | 4 |  4.8
Armour         | 3 |  3.9
Dodging        | 3 |  3.5
Axes           | |  3.6

Action                     |  1- 3 |  4- 6 || total
---------------------------+-------+-------++-------
  Melee: Hand axe          |    90 |    38 ||   128
         Headbutt          |    11 |     1 ||    12
 Invoke: Berserk           |     1 |       ||     1
 Armour: Animal skin       |    25 |     3 ||    28
  Dodge: Dodged            |    69 |    29 ||    98
